 Dungeon Crawl Stone Soup version 0.28.0-53-g5a82cb258f (webtiles) character file.

Game seed: 4217092657293444889

2 Ashen the Chiller (level 1, 0/16 HPs)
             Began as an Ogre Ice Elementalist on June 29, 2022.
             Slain by a ball python (3 damage)
             ... on level 1 of the Dungeon.
             The game lasted 00:00:34 (63 turns).

Ashen the Chiller (Ogre Ice Elementalist)             Turns: 63, Time: 00:00:34

Health: 0/16       AC:  3    Str: 11    XL:     1   Next: 40%
Magic:  0/3        EV:  9    Int: 16    God:
Gold:   6          SH:  0    Dex:  9    Spells: 3/4 levels left

rFire   . . .      SeeInvis .   (no weapon)
rCold   . . .      Faith    .   (no shield)
rNeg    . . .      Spirit   .   a - +0 robe
rPois   .          Reflect  .   (helmet restricted)
rElec   .          Harm     .   (no cloak)
rCorr   .          Rampage  .   (gloves unavailable)
Will    .....                   (boots unavailable)
Stlth   +.........              (no amulet)
HPRegen 0.05/turn               (no ring)
MPRegen 0.08/turn               (no ring)

@: very slightly contaminated
A: large, unfitting armour, tough skin 1
a: no special abilities


You were on level 1 of the Dungeon.
You visited 1 branch of the dungeon, and saw 1 of its levels.

You collected 6 gold pieces.

Inventory:

Armour
 a - a +0 robe (worn)
Potions
 b - a potion of curing {unknown}


   Skills:
 + Level 0.2 Fighting
 + Level 1.8 Dodging
 + Level 1.4 Stealth
 + Level 2.4 Spellcasting
 + Level 3.6 Ice Magic


You had 3 spell levels left.
You knew the following spells:

 Your Spells              Type           Power      Damage    Failure   Level
a - Freeze                Ice            52%        1d7       4%          1

Your spell library contained the following spells:

 Spells                   Type           Power      Damage    Failure   Level
 Frozen Ramparts          Ice            26%        1d4       13%         3
 Ozocubu's Armour         Ice            13%        N/A       13%         3
 Hailstorm                Conj/Ice       7%         3d4       67%         4


Dungeon Overview and Level Annotations

Branches:
Dungeon (1/15)

Altars:


Innate Abilities, Weirdness & Mutations

You are too large for most types of armour.
You have tough skin. (AC +1)


Message History

The giant cockroach bites you.
Casting: Freeze (safe; 4% risk of failure)
Confirm with . or Enter, or press ? or * to list all spells.
Aiming: Freeze (safe; 4% risk of failure)
Press: ? - help, Shift-Dir - straight line, f - giant cockroach
Aim: a giant cockroach You freeze the giant cockroach.
The giant cockroach is heavily wounded.
The giant cockroach closely misses you. The giant cockroach barely misses you.
A ball python comes into view.
The ball python hisses angrily.
The giant cockroach bites you. The giant cockroach bites you.
* * * LOW HITPOINT WARNING * * *
Casting: Freeze (safe; 4% risk of failure)
Confirm with . or Enter, or press ? or * to list all spells.
Aiming: Freeze (safe; 4% risk of failure)
Press: ? - help, Shift-Dir - straight line, f/p - giant cockroach
Aim: a giant cockroach (heavily wounded)
You miscast Freeze.
You are very lightly contaminated with residual magic.
Nothing appears to happen.
The giant cockroach barely misses you.
The ball python bites you but does no damage.
You hit the ball python but do no damage.
The giant cockroach bites you.
* * * LOW HITPOINT WARNING * * *
The ball python closely misses you.
You barely miss the ball python.
The giant cockroach completely misses you.
The ball python closely misses you.
You barely miss the ball python.
The ball python bites you but does no damage.
The giant cockroach closely misses you.
You hit the ball python but do no damage.
The giant cockroach bites you but does no damage.
The ball python closely misses you.
The giant cockroach completely misses you.
The ball python bites you.
You die...

...... ......####
.>....†..##
......##..# ......
##.# ...... #.##
###### #..#
##.#############
#.#.#.#@#.#.#.#
#..#.#B#S#.#.#
#.#.#.≈≈≈≈≈.#.#
#..#.#≈...≈#.#
#.#.#.≈...≈.#
#..#.#≈.<.≈#.#
#.#S#.≈≈≈≈≈.#.#
#..#.#.#.#.#.#.
####.#.#.#.#.#.#.#


You could see a giant cockroach and a ball python.

Vanquished Creatures
  An endoplasm (D:1)
  A hobgoblin (D:1)
2 creatures vanquished.

Notes
Turn   | Place    | Note
-------+----------+-------------------------------------------
     0 | D:1      | Ashen the Ogre Ice Elementalist began the quest for the
                  | Orb.
     0 | D:1      | Reached XP level 1. HP: 16/16 MP: 3/3
    63 | D:1      | Slain by a ball python

Illustrated notes

Levels and vault maps discovered:
D:1:      ncdulo_watergridlock, layout_basic, serial_shops,
          nicolae_shop_advertising_works [nicolae_subvault_shop_adworks]

Action                   || total
-------------------------++-------
Melee: Unarmed           ||     6
 Cast: Freeze            ||     4
Armor: Robe              ||     3
Dodge: Dodged            ||    11
